 Dungeon Crawl Stone Soup version 0.22.1-5-g62c59d9 (webtiles) character file.

17790 StrungSween the Slicer (level 12, -2/107 (110) HPs)
             Began as a Minotaur Fighter on Jan 8, 2019.
             Was a High Priest of Makhleb.
             Killed from afar by a nagaraja (24 damage)
             ... with a poison arrow
             ... on level 1 of the Snake Pit on Jan 10, 2019.
             The game lasted 00:45:16 (11552 turns).

StrungSween the Slicer (Minotaur Fighter)          Turns: 11552, Time: 00:45:19

HP:   -2/107 (110)  AC: 24    Str: 26    XL:     12   Next: 22%
MP:   11/11         EV:  4    Int:  5    God:    Makhleb [*****.]
Gold: 673           SH: 16    Dex: 10    Spells: 11/11 levels left

rFire    + . .     SeeInvis .   a - +4 rapier
rCold    . . .     Gourm    +   c - +3 shield
rNeg     . . .     Faith    .   r - +3 plate armour {rF+}
rPois    .         Spirit   .   (helmet restricted)
rElec    .         Reflect  .   y - +2 cloak {MR+}
rCorr    .         Harm     .   (no gloves)
MR       +....                  e - +1 pair of boots
Stlth    ..........             x - amulet of the gourmand
HPRegen  0.27/turn              (no ring)
MPRegen  0.12/turn              (no ring)

@: lethally poisoned (-2 -> -29), constricted
A: retaliatory headbutt, horns 2
a: Minor Destruction, Lesser Servant of Makhleb, Major Destruction, Greater
Servant of Makhleb, Renounce Religion


You were on level 1 of the Snake Pit.
You worshipped Makhleb.
Makhleb was extremely pleased with you.
You were very full.

You visited 4 branches of the dungeon, and saw 13 of its levels.
You also visited: Ossuary.

You collected 673 gold pieces.

Inventory:

Hand Weapons
 a - a +4 rapier (weapon)
Armour
 c - a +3 shield (worn)
 e - a +1 pair of boots (worn)
 r - a +3 plate armour of fire resistance (worn)
 y - a +2 cloak of magic resistance (worn)
Jewellery
 x - an amulet of the gourmand (around neck)
Wands
 b - a wand of iceblast (3)
 m - a wand of acid (5)
 u - a wand of disintegration (12)
 z - a wand of random effects (29)
Scrolls
 d - 2 scrolls of fear
 k - 8 scrolls of remove curse
 l - 9 scrolls of identify
 o - 2 scrolls of magic mapping
 q - a scroll of fog
 t - 7 scrolls of amnesia
 v - 3 scrolls of teleportation
 w - 3 scrolls of blinking
 A - a scroll of immolation
 D - 2 scrolls of enchant weapon
Potions
 g - a potion of heal wounds
 h - 7 potions of magic
 i - 4 potions of curing
 j - a potion of invisibility
 n - 2 potions of lignification
 p - 3 potions of agility
 s - 3 potions of flight
 B - a potion of berserk rage {unknown}
 E - a potion of might
Comestibles
 f - 21 rations


   Skills:
 + Level 11.3 Fighting
 * Level 13.7 Short Blades
 + Level 11.3 Armour
 + Level 11.4 Shields


You had 11 spell levels left.
You didn't know any spells.
Your spell library contained the following spells:

 Spells                   Type           Power        Failure   Level  Hunger
 Apportation              Tloc           #.....       100%        1    ##.....
 Summon Butterflies       Summ           #.......     100%        1    ##.....
 Poisonous Vapours        Pois/Air       #.....       100%        2    ###....
 Conjure Flame            Conj/Fire      #.......     100%        3    ####...
 Lesser Beckoning         Tloc           #.........   100%        3    ####...
 Mephitic Cloud           Conj/Pois/Air  #.......     100%        3    ####...
 Recall                   Summ/Tloc      N/A          100%        3    ####...
 Tukima's Dance           Hex            #.......     100%        3    ####...
 Animate Dead             Necr           N/A          100%        4    #####..
 Alistair's Intoxication  Tmut/Pois      #.......     100%        5    ######.
 Borgnjor's Vile Clutch   Necr/Erth      #.........   100%        5    ######.
 Irradiate                Conj/Tmut      #.........   100%        5    ######.
 Death Channel            Necr           #.........   100%        6    #######
 Freezing Cloud           Conj/Ice/Air   #.........   100%        6    #######
 Hydra Form               Tmut           #.........   100%        6    #######
 Invisibility             Hex            #.......     100%        6    #######
 Simulacrum               Ice/Necr       #.........   100%        6    #######
 Statue Form              Tmut/Erth      #........    100%        6    #######
 Dragon Form              Tmut           #.........   100%        7    #######
 Ring of Flames           Chrm/Fire      #.........   100%        7    #######


Dungeon Overview and Level Annotations

Branches:
Dungeon (8/15)             Temple (1/1) D:5            Lair (3/6) D:8
  Swamp (0/4) Lair:3        Snake (1/4) Lair:3

Altars:
Ashenzari
Cheibriados
Elyvilon
Fedhas
Gozag
Hepliaklqana
Makhleb
Nemelex Xobeh
Okawaru
Qazlal
Sif Muna
Uskayaw
Yredelemnul
The Shining One
Jiyva


Innate Abilities, Weirdness & Mutations

You reflexively headbutt those who attack you in melee.
You have a pair of horns on your head.


Message History

The nagaraja is moderately wounded.
The nagaraja hits you but does no damage.
The nagaraja constricts you.
You barely miss the nagaraja.
The nagaraja is moderately wounded.
The nagaraja points at you and mumbles some strange words.
The poison arrow hits you!
You are poisoned.
* * * LOW HITPOINT WARNING * * *
x2 The nagaraja constricts you.
You puncture the nagaraja! You headbutt the nagaraja!
The nagaraja is heavily wounded.
You feel sick.
You puncture the nagaraja! You headbutt the nagaraja!
The nagaraja is almost dead.
You feel sick. The nagaraja casts a spell at you. The poison arrow hits you!
You are lethally poisoned!
You die...

###.......####
##.........##
##............
##..#......>...
##..##..........
##..###..........
##..##
#..........
##..##
##......... #.@##
##........ ##N##
###...... ##...#
##..... ##....#
###... ###.....#
###. #.......# ##
#........#
#.........#
#..........#


You could see a nagaraja.

Vanquished Creatures
  The ghost of Philosophy the Brawler, a journeyman TrHu of Okawaru (Lair:1)
  A naga warrior (Snake:1)
  2 hydras
  An anaconda (Snake:1)
  2 black mambas
  A spiny frog (Lair:2)
  A komodo dragon (Lair:3)
  3 hippogriffs
  30 yaks
  3 basilisks
  Menkaure (D:7)
  5 nagas
  4 water moccasins
  13 porcupines
  3 ice beasts
  2 black bears
  2 sky beasts
  9 necrophages
  3 phantoms
  2 centaurs
  A wolf (Lair:1)
  4 ogres
  7 crocodiles
  7 bullfrogs
  2 big kobolds (D:8)
  11 scorpions
  5 killer bees (D:6)
  3 wights (D:8)
  A howler monkey (D:4)
  3 electric eels (Lair:2)
  A crimson imp (D:7)
  A bullfrog zombie (D:8)
  A centaur zombie (Ossuary)
  3 jellies (D:8)
  A quasit (D:7)
  A bullfrog skeleton (D:8)
  3 orc priests (D:7)
  Crazy Yiuf (D:6)
  A centaur skeleton (D:6)
  A hound (D:8)
  2 human zombies (Ossuary)
  3 orc wizards
  6 worker ants
  A big kobold zombie (Ossuary)
  2 hound zombies
  A hound skeleton (D:4)
  3 mummies (Ossuary)
  A howler monkey zombie (D:3)
  4 gnolls (D:6)
  6 adders
  4 scorpion zombies (Ossuary)
  3 shadow imps
  5 oozes (D:8)
  4 worms
  A dart slug (D:1)
  4 leopard geckos
  14 orcs
  2 giant cockroaches
  3 gnoll zombies (Ossuary)
  15 goblins
  6 hobgoblins
  8 jackals
  17 kobolds
  3 quokkas
  6 bats
  5 frilled lizards
  A goblin zombie (Ossuary)
  3 hobgoblin zombies (Ossuary)
  3 kobold zombies (Ossuary)
  2 leopard gecko skeletons
  An orc zombie (Ossuary)
  A quokka zombie (D:8)
  2 rats
  A bush (Lair:3)
290 creatures vanquished.

Vanquished Creatures (others)
  A kobold zombie (Ossuary)
  A plant (Lair:3)
2 creatures vanquished.

Grand Total: 292 creatures vanquished

Notes
Turn   | Place    | Note
-------+----------+-------------------------------------------
     0 | D:1      | StrungSween the Minotaur Fighter began the quest for the
                  | Orb.
     0 | D:1      | Reached XP level 1. HP: 19/19 MP: 0/0
   103 | D:1      | Reached XP level 2. HP: 27/27 MP: 1/1
   776 | D:2      | Reached XP level 3. HP: 33/33 MP: 2/2
  1387 | D:3      | Reached skill level 3 in Short Blades
  1587 | D:3      | Reached XP level 4. HP: 27/40 MP: 3/3
  1799 | D:3      | Found an iron altar of Okawaru.
  2435 | D:4      | Found a basalt altar of Yredelemnul.
  2440 | D:4      | Noticed an ogre
  2459 | D:4      | Killed an ogre
  2459 | D:4      | Reached skill level 4 in Short Blades
  2459 | D:4      | Reached XP level 5. HP: 37/47 MP: 4/4
  2858 | D:5      | Entered Level 5 of the Dungeon
  2910 | D:5      | Reached skill level 5 in Shields
  2911 | D:5      | Noticed a phantom
  2934 | D:5      | Killed a phantom
  2934 | D:5      | Reached skill level 5 in Fighting
  2934 | D:5      | Reached skill level 5 in Armour
  2934 | D:5      | Reached XP level 6. HP: 52/56 MP: 5/5
  2997 | D:5      | Noticed an ice beast
  3005 | D:5      | Killed an ice beast
  3005 | D:5      | Reached skill level 5 in Short Blades
  3050 | D:5      | Noticed an ice beast
  3063 | D:5      | Killed an ice beast
  3063 | D:5      | Reached XP level 7. HP: 61/61 MP: 6/6
  3243 | D:5      | Found a staircase to the Ecumenical Temple.
  3254 | Temple   | Entered the Ecumenical Temple
  3298 | Temple   | Became a worshipper of Makhleb the Destroyer
  3587 | D:6      | Reached skill level 6 in Short Blades
  3605 | D:6      | Found a blossoming altar of Fedhas.
  3657 | D:6      | Found a sand-covered staircase.
  3666 | Ossuary  | Entered an ossuary
  3795 | Ossuary  | Reached XP level 8. HP: 58/70 MP: 7/7
  3842 | Ossuary  | Reached * piety under Makhleb
  4107 | Ossuary  | Reached skill level 7 in Short Blades
  4483 | D:6      | Reached skill level 8 in Short Blades
  5106 | D:6      | Found a runed door.
  5110 | D:6      | Noticed Crazy Yiuf
  5118 | D:6      | Killed Crazy Yiuf
  5506 | D:6      | Reached XP level 9. HP: 68/79 MP: 8/8
  5989 | D:7      | Reached ** piety under Makhleb
  6104 | D:7      | Reached skill level 9 in Short Blades
  6386 | D:7      | Noticed Menkaure
  6394 | D:7      | Killed Menkaure
  6452 | D:7      | Found a hazy altar of Hepliaklqana.
  6906 | D:8      | Reached *** piety under Makhleb
  6958 | D:8      | Found a viscous altar of Jiyva.
  6997 | D:8      | Reached skill level 10 in Short Blades
  7032 | D:8      | Reached XP level 10. HP: 90/90 MP: 9/9
  7147 | D:8      | Found a staircase to the Lair.
  7473 | D:8      | Reached skill level 11 in Short Blades
  7501 | Lair:1   | Entered Level 1 of the Lair of Beasts
  7542 | Lair:1   | Reached **** piety under Makhleb
  7931 | Lair:1   | Noticed Philosophy's ghost (journeyman TrHu)
  8354 | Lair:1   | Found a runed gate.
  8354 | Lair:1   | Found a runed gate.
  8354 | Lair:1   | Found a runed gate.
  8398 | Lair:1   | Killed Philosophy's ghost
  8398 | Lair:1   | Reached skill level 10 in Shields
  8398 | Lair:1   | Reached XP level 11. HP: 78/99 MP: 10/10
  8403 | Lair:1   | Reached skill level 10 in Fighting
  8406 | Lair:1   | Reached skill level 12 in Short Blades
  8411 | Lair:1   | Reached skill level 10 in Armour
  8716 | Lair:2   | Noticed a five-headed hydra
  8732 | Lair:2   | Killed a five-headed hydra
 10391 | Lair:3   | Reached ***** piety under Makhleb
 10519 | Lair:3   | Noticed a seven-headed hydra
 10540 | Lair:3   | Killed a seven-headed hydra
 10540 | Lair:3   | Reached skill level 13 in Short Blades
 10566 | Lair:3   | Found a staircase to the Swamp.
 10927 | Lair:3   | Reached XP level 12. HP: 107/107 MP: 11/11
 10972 | Lair:3   | Found a staircase to the Snake Pit.
 11182 | Snake:1  | Entered Level 1 of the Snake Pit
 11182 | Snake:1  | Noticed a naga warrior
 11197 | Snake:1  | Killed a naga warrior
 11516 | Snake:1  | Noticed an anaconda
 11517 | Snake:1  | Noticed a nagaraja
 11539 | Snake:1  | Killed an anaconda
 11552 | Snake:1  | Killed from afar by a nagaraja

Skill      XL: |  1  2  3  4  5  6  7  8  9 10 11 |
---------------+----------------------------------+-----
Shields        | 4 5 6 7 8 10 11 | 11.4
Fighting       | 4 5 6 7 8 9 11 | 11.3
Armour         | 4 5 6 7 8 9 11 | 11.3
Short Blades   | 3 4 5 6 8 10 11 13 | 13.7

Action                   |  1- 3 |  4- 6 |  7- 9 | 10-12 || total
-------------------------+-------+-------+-------+-------++-------
Melee: Rapier            |   110 |    97 |   480 |   581 ||  1268
       Headbutt          |    23 |    22 |   107 |   119 ||   271
Evoke: Wand              |       |       |     6 |     6 ||    12
  Use: Scroll            |     6 |     3 |    15 |     9 ||    33
       Potion            |       |       |     1 |     2 ||     3
  Eat: Chunk             |     2 |     5 |     6 |    22 ||    35
       Ration            |       |       |     2 |       ||     2
Armor: Scale mail        |    39 |    13 |       |       ||    52
       Plate armour      |       |    19 |   191 |   173 ||   383
Dodge: Dodged            |    35 |    14 |    52 |    69 ||   170
Block: Shield            |    52 |    44 |   236 |   255 ||   587
